AoeStats
← Vaplis

Arena

510353989Analyzed
3v3 RM · 1d ago on Sep 30, 2026· 46m 25s· 6 players
Game mode
Random Map
Map size
Normal (6 player)
Population
200
Speed
Normal
Resources
Standard
Victory
Conquest
Starting age
Dark Age
Ending age
Imperial Age
RankedLock teamsTeams togetherTeam positionsShared explorationLock speedFull tech treeHidden civsTurbo modeCheats
Victory
Defeat
🇳🇱 Danes · Netherlands
1156
+15
🇳🇱 Lithuanians · Netherlands
1120
+17
🇳🇱 Saxons · Netherlands
1113
+17
🇱🇹 Poles · Lithuania
1174
-18
🇹🇼 Varangians · Taiwan
1125
-16
🇸🇪 Bohemians · Sweden
1097
-15
Classic.
10:03 Feudal Age
13:35 Castle Age
11:48 Double-Bit Axe
12:43 Horse Collar
18:25 Bow Saw
21:46 Scale Mail Armor
23:54 Chain Mail Armor
24:48 Forging
25:03 Heavy Plow
24:56 Gold Mining
27:15 Squires
27:02 Arson
28:43 Wheelbarrow
28:48 Loom
32:05 Imperial Age
31:07 Iron Casting
30:32 Fletching
31:14 Hand Cart
32:19 Bodkin Arrow
32:14 Hamask
32:32 Onager
33:04 Northmen's Fury
33:16 Onager
34:48 Siege Engineers
36:05 Conscription
36:21 Hoardings
36:28 Plate Mail Armor
37:35 Chemistry
37:18 Siege Onager
38:23 Elite Jomsviking
41:06 Blast Furnace
41:16 Padded Archer Armor
42:02 Ballistics
41:59 Bracer
43:05 Thumb Ring
42:21 Cranequins
42:22 Heavy Mounted Crossbowman
43:43 Elite Skirmisher
44:39 Leather Archer Armor
43:57 Capped Ram
45:17 Bloodlines
45:08 Husbandry
45:20 Siege Ram
47:30 Ring Archer Armor
snereib
10:22 Feudal Age
14:20 Castle Age
13:12 Double-Bit Axe
13:10 Horse Collar
24:50 Heavy Plow
25:30 Wheelbarrow
25:10 Stone Mining
25:17 Gold Mining
26:19 Loom
30:40 Imperial Age
28:22 Scale Barding Armor
28:27 Forging
29:55 Hand Cart
30:04 Chain Barding Armor
30:26 Stone Shaft Mining
30:47 Iron Casting
30:58 Elite Leitis
32:06 Bow Saw
36:23 Plate Barding Armor
35:39 Fletching
37:08 Husbandry
37:20 Bloodlines
DIEHARD
11:00 Feudal Age
14:56 Castle Age
14:24 Horse Collar
14:39 Double-Bit Axe
16:49 Loom
16:50 Town Watch
18:11 Heavy Plow
21:29 Scale Mail Armor
24:38 Chain Mail Armor
24:33 Forging
25:40 Wheelbarrow
25:27 Man-at-Arms
25:53 Gambesons
27:07 Long Swordsman
29:22 Iron Casting
28:39 Arson
28:55 Squires
30:04 Bow Saw
32:37 Fletching
35:58 Imperial Age
33:16 Pikeman
33:50 Clerical Recruitment
36:13 Bodkin Arrow
37:32 Ballistics
36:40 Halberdier
36:41 Two-Handed Swordsman
39:06 Plate Mail Armor
39:59 Siege Engineers
40:51 Town Patrol
41:07 Hand Cart
41:14 Heavy Scorpion
42:30 Shield Wall
45:10 Chemistry
44:06 Murder Holes
45:47 Two-Handed Swordsman
scarabe
10:58 Feudal Age
11:40 Double-Bit Axe
15:58 Castle Age
14:46 Loom
17:46 Fervor
17:58 Bow Saw
20:03 Chemistry
22:08 Town Watch
23:19 Wheelbarrow
27:32 Imperial Age
25:58 Padded Archer Armor
25:52 Fletching
30:35 Hand Cart
33:19 Two-Man Saw
32:04 Horse Collar
35:29 Pikeman
36:34 Leather Archer Armor
37:08 Masonry
37:59 Block Printing
42:00 Siege Engineers
43:15 Murder Holes
43:51 Architecture
Asura
9:43 Loom
11:40 Feudal Age
17:10 Castle Age
16:36 Double-Bit Axe
16:36 Horse Collar
23:07 Heavy Plow
26:08 Wheelbarrow
27:56 Gold Mining
31:21 Imperial Age
30:23 Bow Saw
30:18 Squires
32:02 Hand Cart
31:56 Arson
32:16 Scale Mail Armor
32:27 Forging
33:54 Chain Mail Armor
35:07 Conscription
34:44 Vendel Legacy
36:13 Bloodlines
36:04 Husbandry
39:08 Plate Mail Armor
39:14 Iron Casting
42:46 Fletching
46:01 Treadmill Crane
Vaplis
11:01 Feudal Age
14:57 Castle Age
13:00 Double-Bit Axe
13:30 Horse Collar
15:49 Bow Saw
15:51 Heavy Plow
19:58 Gold Mining
23:22 Wheelbarrow
24:22 Forging
25:20 Szlachta Privileges
26:30 Bloodlines
26:20 Husbandry
26:28 Scale Barding Armor
27:26 Iron Casting
32:15 Imperial Age
29:31 Loom
30:29 Chain Barding Armor
30:10 Scale Mail Armor
29:50 Light Cavalry
31:40 Hand Cart
31:10 Town Watch
32:43 Cavalier
35:02 Blast Furnace
37:12 Pikeman
38:09 Chain Mail Armor
40:26 Plate Mail Armor
40:12 Fletching
42:02 Elite Obuch
Connection lost

Rejoining the realm…

Still unreachable

The connection could not be restored.

Session expired

The server has moved on; the page needs a fresh start.